 Dungeon Crawl Stone Soup version 0.27-a0-695-gb4952372f7 (webtiles) character file.

Game seed: 9385897038325412022

42 jasper the Magician (level 3, -2/19 HPs)
             Began as a Deep Elf Hedge Wizard on Mar 21, 2021.
             Slain by a goblin
             ... wielding a +0 dagger
             ... led by Robin
              (4 damage)
             ... on level 2 of the Dungeon.
             The game lasted 00:02:04 (1407 turns).

jasper the Magician (Deep Elf Hedge Wizard)         Turns: 1407, Time: 00:02:05

Health: -2/19      AC:  3    Str:  7    XL:     3   Next: 35%
Magic:  0/10       EV: 12    Int: 19    God:
Gold:   40         SH:  0    Dex: 14    Spells: 0/10 levels left

rFire    + . .     SeeInvis .   a - +0 dagger
rCold    + . .     Faith    .   (no shield)
rNeg     . . .     Spirit   .   b - +0 robe
rPois    +         Reflect  .   d - +0 helmet
rElec    +         Harm     .   (no cloak)
rCorr    +         Rampage  .   (no gloves)
Will     +....                  (no boots)
Stlth    ++........             (no amulet)
HPRegen  0.06/turn              (no ring)
MPRegen  0.12/turn              (no ring)

@: resistant
A: strong-willed 1, evolution 1, MP-powered wands
a: no special abilities


You were on level 2 of the Dungeon.
You visited 1 branch of the dungeon, and saw 2 of its levels.

You collected 40 gold pieces.

Inventory:

Hand Weapons
 a - a +0 dagger (weapon)
Armour
 b - a +0 robe (worn)
 c - a +0 hat
 d - a +0 helmet (worn)
Jewellery
 g - an amulet of guardian spirit
Scrolls
 i - 3 scrolls of identify {unknown}
Potions
 e - a potion of curing


   Skills:
 - Level 2.4 Dodging
 - Level 2.4 Stealth
 - Level 4.4 Spellcasting
 + Level 3.7 Conjurations
 - Level 1.1 Summonings
 - Level 1.1 Translocations


You couldn't memorise any spells.
You knew the following spells:

 Your Spells              Type           Power      Damage    Failure   Level
a - Magic Dart            Conj           72%        1d6       3%          1
b - Blink                 Tloc           N/A        N/A       13%         2
c - Call Imp              Summ           8%         N/A       13%         2
d - Slow                  Hex            4%         N/A       21%         2
e - Conjure Flame         Conj/Fire      11%        6-21      19%         3

Your spell library contained the following spells:

 Spells                   Type           Power      Damage    Failure   Level
 Mephitic Cloud           Conj/Pois/Air  8%         N/A       24%         3


Dungeon Overview and Level Annotations

Branches:
Dungeon (2/15)

Altars:

Shops:
D:1 *

Annotations:
D:2 Robin


Innate Abilities, Weirdness & Mutations

You are strong-willed. (Will+)
You evolve.
You expend magic power (3 MP) to strengthen your wands.


Message History

The goblin is severely wounded.
The goblin shouts!
The goblin hits you.
You take 1 damage, and have 10/19 hp.
You now have 0/10 mp.
You don't have enough magic to cast this spell.
You don't have enough magic to cast this spell.
You barely miss the goblin.
The goblin is severely wounded.
The goblin no longer looks unusually strong.
The goblin hits you.
* * * LOW HITPOINT WARNING * * *
You take 6 damage, and have 4/19 hp.
MASSIVE DAMAGE!!
The goblin no longer looks unusually strong.
An adder comes into view.
The adder hisses angrily.
The adder barely misses you.
A frilled lizard comes into view.
Robin roars a battlecry!
The goblins go into a battle-frenzy!
The frilled lizard hisses angrily.
Robin throws the goblin at you! The frilled lizard barely misses you.
The goblin misses you.
Found a stone staircase leading down.
You hit the goblin.
The goblin is moderately wounded.
The goblin closely misses you. The frilled lizard misses you.
The goblin misses you.
You closely miss the frilled lizard.
A goblin comes into view. It is wielding a +0 dagger.
The goblin hits you.
* * * LOW HITPOINT WARNING * * *
The frilled lizard misses you. The goblin misses you.
You take 1 damage, and have 4/19 hp.
Casting: Magic Dart (safe; 3% risk of failure)
Confirm with . or Enter, or press ? or * to list all spells.
A beastly little devil appears in a puff of frigid air.
The goblin barely misses you. The frilled lizard bites you.
* * * LOW HITPOINT WARNING * * *
The goblin hits you with a +0 dagger.
You die...

..##############.######
...)......gg....#.....#
...<)..#########g#
..†##### #.# ... #g#
... #g# ..# #S# .. #g#
## #@# #..gl# #≈≈≈.5#
#≈.≈#.# #≈.≈#.# #≈.≈#.#
#.. #.. .>. .##


You could see Robin, an adder, 4 goblins, a frilled lizard and a friendly white
imp (summoned).

Vanquished Creatures
  An adder (D:2)
  A dart slug (D:1)
  A leopard gecko (D:1)
  A giant cockroach (D:1)
  5 goblins
  5 hobgoblins
  A quokka (D:1)
  3 bats (D:1)
  3 frilled lizards
  A rat (D:2)
22 creatures vanquished.

Vanquished Creatures (collateral kills)
  An adder (D:1)
1 creature vanquished.

Grand Total: 23 creatures vanquished

Notes
Turn   | Place    | Note
-------+----------+-------------------------------------------
     0 | D:1      | jasper the Deep Elf Hedge Wizard began the quest for the
                  | Orb.
     0 | D:1      | Reached XP level 1. HP: 10/10 MP: 7/7
   334 | D:1      | Reached XP level 2. HP: 15/15 MP: 3/9
   337 | D:1      | Learned a level 2 spell: Blink
   340 | D:1      | Learned a level 2 spell: Call Imp
   343 | D:1      | Learned a level 2 spell: Slow
   566 | D:1      | Found Fyasun's General Store.
   954 | D:2      | Reached XP level 3. HP: 19/19 MP: 2/10
   954 | D:2      | Noticed Robin
   958 | D:2      | Learned a level 3 spell: Conjure Flame
  1385 | D:2      | Gained mutation: You are strong-willed. (Will+) [potion of
                  | mutation]
  1385 | D:2      | Gained mutation: You expend magic power (3 MP) to
                  | strengthen your wands. [potion of mutation]
  1385 | D:2      | Gained mutation: You evolve. [potion of mutation]
  1407 | D:2      | Slain by a goblin

Illustrated notes

Levels and vault maps discovered:
D:1:      nicolae_arrival_memento_mori, layout_basic, serial_shops,
          nicolae_shop_statue_plus
D:2:      layout_loops_ring, general_overflow_altar, overflow_temple_1_default,
          serial_rivers, chequers_serial_rivers_small_a,
          chequers_serial_rivers_micro_c, chequers_serial_rivers_micro_d,
          chequers_serial_rivers_marsh, uniq_natasha, uniq_robin,
          uniq_crazy_yiuf_cottage

Skill      XL: |  1  2 |
---------------+-------+-----
Conjurations   | 2 3 |  3.7
Dodging        | |  2.4
Stealth        | |  2.4
Spellcasting   | |  4.4
Summonings     | |  1.1
Translocations | |  1.1

Action                   || total
-------------------------++-------
Melee: Dagger            ||     4
 Cast: Magic Dart        ||    57
       Call Imp          ||     3
  Use: Potion            ||     3
Armor: Robe              ||     4
Dodge: Dodged            ||    26

Table legend: (Time is in decaauts)
 A = Elapsed time spent in this place.
 B = Non-inter-level travel time spent in this place.
 C = Inter-level travel time spent in this place.
 D = Time resting spent in this place.
 E = Time spent auto-exploring this place.
 F = Levels seen in this place.
 G = Mean time per level.
                   A        B        C        D        E       F      G
               +--------+--------+--------+--------+--------+-----+--------+
         Total |   1408 |   1363 |     45 |    387 |    815 |   2 |  704.0 |
       Dungeon |   1408 |   1363 |     45 |    387 |    815 |   2 |  704.0 |
               +--------+--------+--------+--------+--------+-----+--------+

Top non-repeatable levels by time:
     D:1: 1249 daAuts
     D:2: 159 daAuts
